AoeStats
← DUNCAN

Yucatan

510461964Analyzed
4v4 RM · 1d ago on Oct 1, 2026· 44m 58s· 8 players
Game mode
Random Map
Map size
Large (8 player)
Population
200
Speed
Normal
Resources
Standard
Victory
Conquest
Starting age
Dark Age
Ending age
Imperial Age
RankedLock teamsTeams togetherTeam positionsShared explorationLock speedFull tech treeHidden civsTurbo modeCheats
Victory
Defeat
🇨🇦 Spanish · Canada
997
+15
🇺🇸 Koreans · United States
985
+15
🇺🇸 Huns · United States
957
+17
🇨🇳 Georgians · China
948
+17
🇺🇸 Mongols · United States
1024
-18
🇨🇳 Magyars · China
1019
-19
🇦🇷 Ethiopians · Argentina
931
-14
🇦🇷 Varangians · Argentina
909
-13
Fuzzytongue
12:57 Feudal Age
13:51 Man-at-Arms
14:43 Forging
15:59 Scale Mail Armor
15:43 Horse Collar
16:17 Arson
21:19 Castle Age
22:12 Caravan
24:49 Gold Mining
25:02 Double-Bit Axe
27:51 Wheelbarrow
28:49 Bow Saw
30:34 Heavy Plow
34:42 Hand Cart
36:35 Elite Skirmisher
37:21 Thumb Ring
37:10 Fletching
38:53 Bodkin Arrow
39:34 Iron Casting
39:15 Chain Mail Armor
39:15 Stone Mining
39:19 Gold Mining
40:44 Loom
41:19 Pikeman
41:59 Squires
45:03 Imperial Age
44:08 Ballistics
mgaitaniella
9:36 Loom
11:40 Feudal Age
17:16 Castle Age
16:06 Wheelbarrow
17:01 Double-Bit Axe
17:09 Gold Mining
17:12 Stone Mining
21:03 Fletching
21:13 Padded Archer Armor
22:01 Horse Collar
25:25 Gold Shaft Mining
25:43 Heavy Plow
26:18 Bodkin Arrow
28:11 Leather Archer Armor
28:47 Bloodlines
32:56 Imperial Age
32:37 Forging
32:32 Scale Barding Armor
32:32 Marauders
34:10 Iron Casting
34:08 Conscription
34:33 Parthian Tactics
35:50 Husbandry
35:53 Bracer
36:54 Blast Furnace
36:15 Chain Barding Armor
36:19 Ballistics
37:42 Heavy Cavalry Archer
41:14 Murder Holes
41:30 Masonry
42:21 Chemistry
41:35 Elite Tarkan
44:10 Atheism
44:13 Caravan
614Superdry
11:49 Feudal Age
12:01 Loom
16:07 Double-Bit Axe
17:53 Wheelbarrow
19:39 Castle Age
22:07 Wheelbarrow
22:14 Gold Mining
22:16 Stone Mining
23:22 Hand Cart
23:23 Bow Saw
22:55 Horse Collar
25:23 Fletching
27:12 Heavy Plow
27:08 Fishing Lines
30:41 Gillnets
31:34 Ballistics
33:53 Imperial Age
32:24 Husbandry
33:47 Stone Shaft Mining
34:54 Conscription
35:00 Bloodlines
37:23 Chemistry
37:43 Thumb Ring
38:14 Elite Conquistador
39:07 Bodkin Arrow
39:13 Padded Archer Armor
40:16 Supremacy
42:33 Bracer
42:49 Leather Archer Armor
44:42 Ring Archer Armor
44:03 Arrowslits
无奈独上青楼
0:38 Loom
12:22 Feudal Age
13:54 Double-Bit Axe
14:03 Gold Mining
15:50 Stone Mining
18:50 Castle Age
16:52 Horse Collar
22:48 Bow Saw
22:43 Heavy Plow
27:24 Stone Shaft Mining
27:34 Wheelbarrow
35:03 Imperial Age
32:49 Hand Cart
33:57 Forging
33:53 Scale Barding Armor
35:53 Iron Casting
35:44 Chain Barding Armor
35:31 Husbandry
35:41 Bloodlines
35:24 Town Watch
36:12 Conscription
38:16 Blast Furnace
41:26 Plate Barding Armor
45:47 Crop Rotation
theodb
9:47 Feudal Age
12:04 Wheelbarrow
11:53 Double-Bit Axe
15:04 Gold Mining
15:04 Town Watch
15:16 Town Watch
15:42 Scale Barding Armor
17:50 Castle Age
17:51 Loom
18:34 Bloodlines
22:07 Husbandry
22:37 Chain Barding Armor
22:29 Forging
25:46 Hand Cart
26:23 Iron Casting
36:48 Imperial Age
37:01 Elite Steppe Lancer
37:12 Heavy Camel Rider
likelisi017
5:16 Loom
11:57 Feudal Age
17:15 Castle Age
15:37 Double-Bit Axe
15:38 Horse Collar
19:33 Heavy Plow
19:46 Bow Saw
21:25 Wheelbarrow
25:27 Hand Cart
27:26 Fletching
28:11 Ballistics
27:49 Stone Mining
27:49 Gold Mining
28:30 Treadmill Crane
30:17 Gold Shaft Mining
34:10 Imperial Age
31:47 Murder Holes
32:54 Corvinian Army
33:02 Scale Barding Armor
32:53 Bodkin Arrow
33:48 Masonry
33:51 Husbandry
34:02 Bloodlines
34:22 Elite Magyar Huszar
35:23 Conscription
35:30 Chain Barding Armor
35:57 Crop Rotation
36:43 Two-Man Saw
36:01 Recurve Bow
37:19 Hoardings
40:46 Chemistry
40:27 Plate Barding Armor
39:52 Bracer
39:53 Padded Archer Armor
40:14 Heavy Cavalry Archer
41:19 Parthian Tactics
41:00 Thumb Ring
DUNCAN
10:19 Feudal Age
11:16 Double-Bit Axe
15:13 Castle Age
16:55 Bow Saw
16:26 Horse Collar
22:38 Horse Collar
23:14 Loom
23:36 Crossbowman
24:22 Thumb Ring
25:05 Wheelbarrow
24:15 Town Watch
24:49 Heavy Plow
29:34 Imperial Age
27:53 Town Patrol
28:41 Hand Cart
29:12 Ballistics
32:09 Two-Man Saw
31:10 Fletching
31:20 Padded Archer Armor
30:55 Arbalester
34:00 Chemistry
33:52 Stone Mining
34:05 Gold Mining
lisandroarce22
13:33 Feudal Age
15:55 Wheelbarrow
Connection lost

Rejoining the realm…

Still unreachable

The connection could not be restored.

Session expired

The server has moved on; the page needs a fresh start.